 Dungeon Crawl Stone Soup version 0.20.1-1-g8b1a95d (webtiles) character file.

63 vatarom the Skirmisher (level 3, -6/33 HPs)
             Began as a Draconian Chaos Knight on Oct 13, 2017.
             Mangled by a wyvern (13 damage)
             ... on level 2 of the Dungeon.
             The game lasted 00:02:19 (1066 turns).

vatarom the Skirmisher (Draconian Chaos Knight)     Turns: 1066, Time: 00:02:20

Health: -6/33      AC:  5    Str: 14    XL:     3   Next: 87%
Magic:  12/12      EV: 18    Int: 12    God:    Xom [.*....]
Gold:   125        SH:  0    Dex: 16    Spells: 2/2 levels left

rFire    . . .     SeeInvis .   a - +1 hand axe (chaos)
rCold    . . .     Gourm    .   (no shield)
rNeg     . . .     Faith    .   (armour unavailable)
rPois    .         Spirit   .   (helmet restricted)
rElec    .         Reflect  .   (no cloak)
rCorr    .         Harm     .   (no gloves)
MR       .....                  (no boots)
Stlth    ++........             (no amulet)
Regen    0.2/turn               k - ring of magical power
MPRegen  0.2/turn               (no ring)

@: agile, hasted, very quick
A: unfitting armour, cold-blooded, AC +5
a: Renounce Religion


You were on level 2 of the Dungeon.
You worshipped Xom.
You were a plaything of Xom.
You were not hungry.

You visited 1 branch of the dungeon, and saw 2 of its levels.

You collected 125 gold pieces.

Inventory:

Hand Weapons
 a - a +1 hand axe of chaos (weapon)
Jewellery
 k - a ring of magical power (left hand)
Scrolls
 i - 2 scrolls of remove curse
 l - a scroll of teleportation
Potions
 d - a potion of agility
 e - 2 potions of curing
 j - a potion of heal wounds {unknown}
 n - a potion of ambrosia {unknown}
Comestibles
 b - 2 bread rations
 c - a meat ration
 g - 2 royal jellies
 h - a chunk of flesh


   Skills:
 + Level 4.0 Fighting
 * Level 4.0 Axes
 + Level 2.5 Dodging


You had 2 spell levels left.
You didn't know any spells.

Dungeon Overview and Level Annotations

Branches:
Dungeon (2/15)

Altars:


Innate Abilities, Weirdness & Mutations

Your plain brown scales are hard. (AC +5)
You cannot fit into any form of body armour.
You are cold-blooded and may be slowed by cold attacks.


Message History

* * * LOW HITPOINT WARNING * * *
Unknown command.
You feel better. Something hits you but does no damage.
The wyvern barely misses you. The wyvern closely misses you.
You feel better. The wyvern barely misses you.
Something hits you but does no damage.
The wyvern bites you but does no damage.
Something hits you but does no damage. The wyvern bites you.
It was a potion of agility.
You feel agile all of a sudden.
You feel yourself speed up. Something hits you but does no damage.
The wyvern bites you. Something hits you but does no damage.
The wyvern closely misses you.
Unknown command.
It was a potion of haste.
You feel yourself speed up.
Xom thinks this is hilarious!
Something hits you but does no damage. The wyvern bites you.
* * * LOW HITPOINT WARNING * * *
The wyvern bites you!
You die...
Xom is highly amused!

#.#
#.#######...
#...........
####.###....
#.........
#..###..>.
#..# .. #..#
#(@# #.l#
#..# ....#
####.. ####


You could see a wyvern.

Vanquished Creatures
  A gnoll (D:1)
  2 adders (D:2)
  A dart slug (D:1)
  2 leopard geckos (D:1)
  3 ball pythons
  2 giant cockroaches
  A goblin (D:1)
  2 hobgoblins
  4 kobolds
  8 bats
  A frilled lizard (D:1)
  3 rats (D:1)
30 creatures vanquished.

Notes
Turn   | Place    | Note
-------+----------+-------------------------------------------
     0 | D:1      | vatarom the Draconian Chaos Knight began the quest for the Orb.
     0 | D:1      | Reached XP level 1. HP: 19/19 MP: 1/1
   229 | D:1      | XOM: summons 3 hostile shadow creatures
   276 | D:1      | Reached XP level 2. HP: 22/26 MP: 2/2
   358 | D:1      | XOM: harmless Necr miscast
   556 | D:1      | XOM: 4-stop teleportation journey
   573 | D:1      | XOM: divination: detect creatures
   687 | D:1      | Reached XP level 3. HP: 33/33 MP: 3/3
   769 | D:2      | XOM: god gift: 57 gold pieces
   951 | D:2      | XOM: 5-stop teleportation journey
  1040 | D:2      | XOM: cloud trail
  1056 | D:2      | XOM: blink monster(s)
  1060 | D:2      | Noticed a wyvern
  1060 | D:2      | a gnoll changed into a wyvern
  1066 | D:2      | Mangled by a wyvern

Skill      XL: |  1  2  3 |
---------------+----------+-----
Axes           | 4 |  4.0
Fighting       | 4 |  4.0
Dodging        | |  2.5

Action                   || total
-------------------------++-------
Melee: Hand axe          ||    96
       Tailslap          ||     9
  Use: Scroll            ||     6
       Potion            ||     4
 Stab: Sleeping          ||     1
       Paralysed         ||     1
  Eat: Chunk             ||     1
Armor: Skin              ||    88
Dodge: Dodged            ||    80
